[ PARTIDA AOE2 · #504536067 ]
UnrankedDrávidas vs Huns
Equipo del jugador · DERR
Equipo rival · VICT
[ ANÁLISIS DE REPETICIÓN · EXTRAÍDO DE LA PARTIDA GRABADA ]
Feudal
9:33
Castillos
23:08
Imperial
—
| APM promedio | 51.3 |
| APM pico | 86 |
| eAPM promedio | 31.1 |
| Aldeanos / militares | 70 / 62 |
Foco
⚔️ 41.2% · 🌾 58.8%
Militia ×24 · Spearman ×19 · Skirmisher ×16 · Archer ×3
Feudal
9:03
Castillos
23:33
Imperial
—
| APM promedio | 43.9 |
| APM pico | 90 |
| eAPM promedio | 20.4 |
| Aldeanos / militares | 59 / 23 |
Foco
⚔️ 28.6% · 🌾 71.4%
Knight ×11 · Archer ×7 · Scout Cavalry ×5
Mapa de la partida
Recursos iniciales + cada clic de construcción. Líneas = muros · curvas = relieve. ◆ oro · ⬟ piedra · ● bayas · ✦ reliquia · ◌ hueco del cierre
Tu base· Abierta — el rival se encerró
Base de comy993· ✓ Cerrada en 23:33 · 66t muro · 1 puerta(s)
Terreno inicial suavizado · ◌ = hueco del cierre detectado · pasá el cursor para detalles
Inputs por minuto
— HellionBlue - - comy993
Build order — HellionBlue
Primeras 150 de 225 acciones detectadas
| 0:01 | Encolar | Villager (Male) |
| 0:01 | Encolar | Villager (Male) |
| 0:01 | Encolar | Villager (Male) |
| 0:02 | Construir | House |
| 0:03 | Encolar | Villager (Male) |
| 0:03 | Encolar | Villager (Male) |
| 0:04 | Construir | House |
| 1:30 | Encolar | Villager (Male) |
| 1:30 | Encolar | Villager (Male) |
| 2:10 | Encolar | Villager (Male) |
| 2:10 | Encolar | Villager (Male) |
| 2:21 | Encolar | Villager (Male) |
| 2:21 | Encolar | Villager (Male) |
| 2:40 | Construir | Lumber Camp |
| 2:46 | Encolar | Villager (Male) |
| 2:46 | Encolar | Villager (Male) |
| 3:04 | Construir | House |
| 3:08 | Construir | House |
| 3:16 | Encolar | Villager (Male) |
| 3:16 | Encolar | Villager (Male) |
| 3:16 | Encolar | Villager (Male) |
| 3:51 | Encolar | Villager (Male) |
| 3:51 | Encolar | Villager (Male) |
| 4:41 | Encolar | Villager (Male) |
| 4:48 | Construir | House |
| 4:54 | Encolar | Villager (Male) |
| 5:27 | Encolar | Villager (Male) |
| 6:07 | Construir | Barracks |
| 6:16 | Encolar | Villager (Male) |
| 6:45 | Construir | House |
| 6:58 | Encolar | Villager (Male) |
| 7:03 | Investigar | Feudal Age |
| 7:03 | Investigar | Feudal Age |
| 7:10 | Encolar | Militia |
| 7:11 | Encolar | Militia |
| 7:11 | Encolar | Militia |
| 7:33 | Construir | Mill |
| 7:38 | Encolar | Militia |
| 7:50 | Construir | House |
| 8:15 | Encolar | Militia |
| 8:24 | Construir | Mining Camp |
| 9:02 | Encolar | Militia |
| 9:14 | Encolar | Villager (Male) |
| 9:20 | Encolar | Villager (Male) |
| 9:33 | Edad | Edad Feudal |
| 9:37 | Investigar | Man-at-Arms (upgrade) |
| 9:37 | Investigar | Man-at-Arms (upgrade) |
| 9:56 | Encolar | Villager (Male) |
| 9:57 | Encolar | Villager (Male) |
| 10:03 | Encolar | Villager (Male) |
| 10:06 | Construir | Archery Range |
| 10:08 | Construir | House |
| 10:17 | Construir | Palisade Gate |
| 10:20 | Construir | House |
| 10:22 | Construir | Palisade Wall |
| 10:23 | Construir | Palisade Wall |
| 10:35 | Encolar | Villager (Male) |
| 10:37 | Investigar | Loom |
| 10:38 | Encolar | Villager (Male) |
| 10:38 | Encolar | Villager (Male) |
| 10:59 | Encolar | Villager (Male) |
| 11:10 | Encolar | Villager (Male) |
| 11:15 | Construir | Farm |
| 11:15 | Construir | Farm |
| 11:16 | Construir | Farm |
| 11:16 | Construir | Farm |
| 11:16 | Construir | Farm |
| 11:16 | Construir | Farm |
| 11:17 | Construir | Farm |
| 11:33 | Construir | House |
| 11:34 | Construir | Palisade Wall |
| 11:49 | Encolar | Spearman |
| 11:50 | Encolar | Spearman |
| 12:01 | Encolar | Villager (Male) |
| 12:02 | Encolar | Skirmisher |
| 12:02 | Encolar | Skirmisher |
| 12:22 | Investigar | Double-Bit Axe |
| 12:22 | Investigar | Double-Bit Axe |
| 12:26 | Encolar | Villager (Male) |
| 12:27 | Encolar | Villager (Male) |
| 12:58 | Encolar | Spearman |
| 13:00 | Encolar | Skirmisher |
| 13:00 | Encolar | Skirmisher |
| 13:01 | Encolar | Skirmisher |
| 13:13 | Encolar | Villager (Male) |
| 13:13 | Encolar | Villager (Male) |
| 13:18 | Construir | Farm |
| 13:23 | Construir | Palisade Gate |
| 13:24 | Construir | Palisade Wall |
| 13:41 | Encolar | Villager (Male) |
| 13:43 | Encolar | Militia |
| 13:43 | Encolar | Militia |
| 13:43 | Encolar | Militia |
| 13:45 | Construir | Farm |
| 13:46 | Construir | Farm |
| 13:46 | Construir | Farm |
| 13:47 | Encolar | Villager (Male) |
| 13:57 | Encolar | Militia |
| 13:57 | Encolar | Militia |
| 14:45 | Encolar | Villager (Male) |
| 14:45 | Encolar | Villager (Male) |
| 14:47 | Encolar | Spearman |
| 14:47 | Encolar | Militia |
| 14:47 | Encolar | Spearman |
| 15:07 | Encolar | Villager (Male) |
| 15:16 | Construir | Farm |
| 15:16 | Construir | Farm |
| 15:16 | Construir | Farm |
| 15:16 | Construir | Farm |
| 15:17 | Construir | Farm |
| 15:17 | Construir | Farm |
| 15:23 | Encolar | Villager (Male) |
| 15:29 | Encolar | Spearman |
| 15:29 | Encolar | Spearman |
| 15:48 | Construir | Lumber Camp |
| 15:54 | Encolar | Militia |
| 15:54 | Encolar | Spearman |
| 15:54 | Encolar | Militia |
| 15:55 | Encolar | Spearman |
| 15:55 | Encolar | Militia |
| 15:55 | Encolar | Spearman |
| 16:13 | Encolar | Skirmisher |
| 16:13 | Encolar | Skirmisher |
| 16:14 | Encolar | Archer |
| 16:17 | Encolar | Archer ×2 |
| 16:37 | Encolar | Villager (Male) |
| 16:38 | Encolar | Villager (Male) |
| 16:41 | Construir | Farm |
| 16:49 | Investigar | Wheelbarrow |
| 16:52 | Encolar | Villager (Male) |
| 17:04 | Investigar | Arson |
| 17:04 | Investigar | Arson |
| 17:07 | Encolar | Militia |
| 17:12 | Encolar | Skirmisher |
| 17:33 | Encolar | Villager (Male) |
| 17:36 | Encolar | Spearman |
| 17:47 | Construir | Farm |
| 17:47 | Construir | Farm |
| 17:47 | Construir | Farm |
| 17:48 | Construir | Farm |
| 17:48 | Construir | Farm |
| 17:49 | Construir | Farm |
| 18:05 | Encolar | Spearman |
| 18:14 | Encolar | Villager (Male) |
| 18:20 | Encolar | Villager (Male) |
| 18:25 | Construir | House |
| 18:55 | Encolar | Villager (Male) |
| 18:58 | Investigar | Town Watch |
| 18:59 | Encolar | Villager (Male) |
| 19:06 | Construir | House |
Build order — comy993
148 acciones detectadas en el replay
| 0:01 | Encolar | Villager (Male) |
| 0:01 | Encolar | Villager (Male) |
| 0:10 | Encolar | Villager (Male) |
| 0:11 | Encolar | Villager (Male) |
| 1:12 | Encolar | Villager (Male) |
| 1:50 | Construir | Lumber Camp |
| 1:52 | Encolar | Villager (Male) |
| 1:52 | Encolar | Villager (Male) |
| 1:52 | Encolar | Villager (Male) |
| 2:23 | Encolar | Villager (Male) |
| 2:23 | Encolar | Villager (Male) |
| 2:23 | Encolar | Villager (Male) |
| 2:37 | Encolar | Villager (Male) |
| 2:37 | Encolar | Villager (Male) |
| 2:53 | Encolar | Villager (Male) |
| 3:28 | Encolar | Villager (Male) |
| 3:28 | Encolar | Villager (Male) |
| 4:11 | Encolar | Villager (Male) |
| 4:11 | Encolar | Villager (Male) |
| 4:12 | Encolar | Villager (Male) |
| 4:15 | Construir | Mill |
| 4:59 | Encolar | Villager (Male) |
| 4:59 | Encolar | Villager (Male) |
| 5:00 | Encolar | Villager (Male) |
| 5:00 | Encolar | Villager (Male) |
| 5:00 | Encolar | Villager (Male) |
| 5:33 | Encolar | Villager (Male) |
| 5:33 | Encolar | Villager (Male) |
| 5:47 | Investigar | Loom |
| 6:15 | Encolar | Villager (Male) |
| 6:53 | Investigar | Feudal Age |
| 6:53 | Investigar | Feudal Age |
| 7:06 | Construir | Lumber Camp |
| 8:16 | Construir | Barracks |
| 8:28 | Encolar | Villager (Male) |
| 8:53 | Encolar | Villager (Male) |
| 9:00 | Construir | Palisade Wall |
| 9:03 | Edad | Edad Feudal |
| 9:55 | Encolar | Villager (Male) |
| 9:55 | Encolar | Villager (Male) |
| 10:00 | Construir | Stable |
| 10:09 | Encolar | Villager (Male) |
| 10:38 | Construir | Palisade Wall |
| 10:39 | Construir | Palisade Wall |
| 10:41 | Construir | Palisade Wall |
| 10:45 | Construir | Palisade Wall |
| 10:47 | Construir | Palisade Wall |
| 10:49 | Construir | Palisade Wall |
| 11:01 | Encolar | Villager (Male) |
| 11:05 | Construir | Mining Camp |
| 11:11 | Encolar | Scout Cavalry |
| 11:11 | Encolar | Scout Cavalry |
| 11:18 | Construir | Palisade Wall |
| 11:20 | Construir | Palisade Wall |
| 11:24 | Encolar | Scout Cavalry |
| 11:48 | Construir | Palisade Gate |
| 11:51 | Construir | Palisade Wall |
| 11:54 | Construir | Palisade Wall |
| 12:02 | Encolar | Scout Cavalry |
| 12:08 | Encolar | Villager (Male) |
| 12:08 | Encolar | Villager (Male) |
| 12:12 | Investigar | Horse Collar |
| 12:20 | Encolar | Scout Cavalry |
| 13:10 | Encolar | Villager (Male) |
| 13:10 | Encolar | Villager (Male) |
| 13:19 | Construir | Palisade Wall |
| 13:26 | Construir | Palisade Wall |
| 13:35 | Construir | Palisade Wall |
| 13:36 | Construir | Palisade Wall |
| 14:35 | Construir | Farm |
| 14:36 | Construir | Farm |
| 14:36 | Construir | Farm |
| 14:36 | Construir | Farm |
| 14:36 | Construir | Farm |
| 14:37 | Construir | Farm |
| 14:37 | Construir | Farm |
| 14:37 | Construir | Farm |
| 15:36 | Encolar | Villager (Male) |
| 15:36 | Encolar | Villager (Male) |
| 16:02 | Construir | Farm |
| 16:03 | Construir | Farm |
| 16:04 | Construir | Farm |
| 16:29 | Construir | Archery Range |
| 16:30 | Encolar | Villager (Male) |
| 16:30 | Encolar | Villager (Male) |
| 16:39 | Construir | Farm |
| 17:00 | Encolar | Villager (Male) |
| 17:02 | Construir | Farm |
| 17:17 | Encolar | Villager (Male) |
| 17:25 | Construir | Farm |
| 17:28 | Encolar | Archer |
| 17:28 | Encolar | Archer |
| 17:38 | Construir | Blacksmith |
| 17:56 | Construir | Barracks |
| 18:04 | Encolar | Villager (Male) |
| 18:12 | Construir | Barracks |
| 18:32 | Construir | Barracks |
| 18:36 | Construir | Palisade Wall |
| 18:50 | Encolar | Archer |
| 18:50 | Encolar | Archer |
| 18:56 | Encolar | Villager (Male) |
| 18:56 | Encolar | Villager (Male) |
| 18:56 | Encolar | Villager (Male) |
| 19:04 | Encolar | Villager (Male) |
| 19:08 | Construir | Palisade Wall |
| 19:19 | Construir | Palisade Wall |
| 19:42 | Construir | Mining Camp |
| 19:47 | Construir | Farm |
| 19:58 | Construir | Farm |
| 20:11 | Encolar | Archer |
| 20:11 | Encolar | Archer |
| 20:20 | Construir | Market |
| 20:53 | Investigar | Castle Age |
| 20:53 | Investigar | Castle Age |
| 21:10 | Construir | Palisade Wall |
| 21:52 | Construir | Stable |
| 22:04 | Construir | Blacksmith |
| 22:13 | Construir | Palisade Wall |
| 22:17 | Construir | Palisade Wall |
| 22:21 | Investigar | Gold Mining |
| 22:25 | Investigar | Bloodlines |
| 23:03 | Encolar | Villager (Male) |
| 23:04 | Encolar | Villager (Male) |
| 23:06 | Construir | Farm |
| 23:18 | Investigar | Scale Barding Armor |
| 23:19 | Investigar | Forging |
| 23:26 | Encolar | Archer |
| 23:33 | Edad | Edad de los Castillos |
| 23:34 | Encolar | Knight |
| 23:34 | Encolar | Knight |
| 23:35 | Encolar | Knight |
| 23:56 | Encolar | Villager (Male) |
| 24:01 | Encolar | Knight |
| 24:20 | Encolar | Villager (Male) |
| 24:25 | Investigar | Husbandry |
| 24:32 | Encolar | Knight |
| 24:34 | Encolar | Villager (Male) |
| 25:01 | Construir | Castle |
| 25:16 | Encolar | Villager (Male) |
| 25:16 | Encolar | Villager (Male) |
| 25:16 | Encolar | Villager (Male) |
| 25:16 | Encolar | Villager (Male) |
| 25:37 | Encolar | Knight ×3 |
| 25:37 | Encolar | Knight ×3 |
| 25:39 | Encolar | Villager (Male) |
| 25:40 | Encolar | Villager (Male) |
| 25:43 | Construir | Town Center |
| 27:21 | Construir | Castle |
Cronología de la partida
| 6:07 | HellionBlue · first_building Barracks |
| 8:16 | comy993 · first_building Barracks |
| 9:00 | comy993 · wall_segment Palisade Wall x19 |
| 9:03 | comy993 · age_up feudal |
| 9:33 | HellionBlue · age_up feudal |
| 10:00 | comy993 · first_building Stable |
| 10:06 | HellionBlue · first_building Archery Range |
| 10:22 | HellionBlue · wall_segment Palisade Wall x1 |
| 10:23 | HellionBlue · wall_segment Palisade Wall x1 |
| 10:38 | comy993 · wall_segment Palisade Wall x1 |
| 10:39 | comy993 · wall_segment Palisade Wall x1 |
| 10:41 | comy993 · wall_segment Palisade Wall x1 |
| 10:45 | comy993 · wall_segment Palisade Wall x1 |
| 10:47 | comy993 · wall_segment Palisade Wall x1 |
| 10:49 | comy993 · wall_segment Palisade Wall x1 |
| 11:18 | comy993 · wall_segment Palisade Wall x5 |
| 11:20 | comy993 · wall_segment Palisade Wall x8 |
| 11:34 | HellionBlue · wall_segment Palisade Wall x5 |
| 11:51 | comy993 · wall_segment Palisade Wall x1 |
| 11:54 | comy993 · wall_segment Palisade Wall x1 |
| 13:19 | comy993 · wall_segment Palisade Wall x9 |
| 13:24 | HellionBlue · wall_segment Palisade Wall x5 |
| 13:26 | comy993 · wall_segment Palisade Wall x1 |
| 13:35 | comy993 · wall_segment Palisade Wall x7 |
| 13:36 | comy993 · wall_segment Palisade Wall x1 |
| 16:29 | comy993 · first_building Archery Range |
| 18:36 | comy993 · wall_segment Palisade Wall x1 |
| 19:08 | comy993 · wall_segment Palisade Wall x6 |
| 19:11 | HellionBlue · first_building Stable |
| 19:19 | comy993 · wall_segment Palisade Wall x1 |
| 21:10 | comy993 · wall_segment Palisade Wall x1 |
| 22:13 | comy993 · wall_segment Palisade Wall x1 |
| 22:17 | comy993 · wall_segment Palisade Wall x1 |
| 22:42 | HellionBlue · wall_segment Palisade Wall x1 |
| 23:08 | HellionBlue · age_up castle |
| 23:09 | HellionBlue · wall_segment Palisade Wall x7 |
| 23:33 | comy993 · age_up castle |
| 25:01 | comy993 · first_building Castle |
| 26:04 | HellionBlue · wall_segment Palisade Wall x4 |
| 27:22 | HellionBlue · resign |
[ ANÁLISIS IA · 1 CRÉDITO ]
¿Qué pasó realmente en esta partida?
Wolo.gg analiza cada decisión: build order, eco, micro, errores típicos por bracket. Análisis personalizado por WhatsApp o Discord en 30 segundos.
Guía civ
Drávidas
Perfil
Jugador #2698259